 Dungeon Crawl Stone Soup version 0.31.0-11-ge490571c62 (webtiles) character file.

Game seed: 6437933071710931122

18941 CougarLife the Severer (level 12, 0/113 HPs)
             Began as a Minotaur Berserker on Jan 29, 2024.
             Was an Elder of Trog.
             Slain by a dire elephant simulacrum (2 damage)
             ... in an ice cave.
             The game lasted 00:17:47 (12300 turns).

CougarLife the Severer (Minotaur Berserker)        Turns: 12300, Time: 00:17:48

Health: 0/113      AC: 16    Str: 24    XL:     12   Next: 32%
Magic:  11/11      EV: 12    Int:  6    God:    Trog [****..]
Gold:   603        SH:  0    Dex: 11    Spells: 11/11 levels left

rFire   x . .        A - +2 broad axe (flame)
rCold   + + .        (no shield)
rNeg    . . .        w - +0 ice dragon scales
rPois   .            (helmet restricted)
rElec   .            L - scarf {repulsion}
rCorr   .            (no gloves)
SInv    .            z - +2 pair of boots
Will    +++..        (no amulet) Stlth
                     J - ring of willpower
HPRegen 1.38/turn    (no ring)
MPRegen 0.12/turn

%: repel missiles
@: strong-willed, regenerating
A: horns 2, retaliatory headbutt
a: Renounce Religion, Berserk, Trog's Hand, Brothers in Arms


You were in an ice cave.
You worshipped Trog.
Trog was greatly pleased with you.
You visited 2 branches of the dungeon, and saw 12 of its levels.
You also visited: Ice Cave.

You collected 784 gold pieces.
You spent 181 gold pieces at shops.

Inventory:

Hand Weapons
 y - a +0 battleaxe
 A - a +2 broad axe of flaming (weapon)
Missiles
 a - 3 boomerangs
 l - 35 poisoned darts
 H - 2 throwing nets
 I - a curare-tipped dart (quivered)
Armour
 w - +0 ice dragon scales (worn)
 z - a +2 pair of boots (worn)
 L - a scarf of repulsion (worn)
Jewellery
 J - a ring of willpower (left hand)
 M - an amulet of magic regeneration
 O - a ring of ice
 P - a +6 ring of strength
Wands
 k - a wand of roots (16)
 o - a wand of flame (36)
 B - a wand of charming (7)
 K - a wand of digging (4)
Scrolls
 d - 3 scrolls of fog {unknown}
 e - a scroll of torment {unknown}
 g - 2 scrolls of noise {unknown}
 m - a scroll of butterflies {unknown}
 n - 5 scrolls of identify {unknown}
 p - 3 scrolls of enchant armour {unknown}
 q - 3 scrolls of enchant weapon {unknown}
 r - 8 scrolls of teleportation
 s - 3 scrolls of immolation {unknown}
 t - 2 scrolls of blinking {unknown}
 C - a scroll of acquirement {unknown}
 F - 2 scrolls of revelation {unknown}
 G - 2 scrolls of poison {unknown}
Potions
 b - 2 potions of resistance {unknown}
 c - a potion of magic {unknown}
 f - 3 potions of enlightenment {unknown}
 h - 5 potions of degeneration {unknown}
 i - 3 potions of haste {unknown}
 j - 2 potions of attraction {unknown}
 u - 3 potions of might {unknown}
 v - 5 potions of curing {unknown}
 x - 2 potions of brilliance {unknown}
 D - a potion of ambrosia {unknown}
 E - a potion of lignification {unknown}
Miscellaneous
 N - a box of beasts


   Skills:
 - Level 12.4 Fighting
 - Level 16.1 Axes
 - Level 6.0 Throwing
 + Level 10.1 Armour
 - Level 7.2 Dodging


You had 11 spell levels left.
You didn't know any spells.
Your spell library was empty.

Dungeon Overview and Level Annotations

Branches:
Dungeon (11/15)            Temple (0/1) D:7            Lair (1/5) D:8
    Orc (0/2) D:9           IceCv (1/1)

Altars:
Ashenzari
Cheibriados
Elyvilon
Fedhas
Hepliaklqana
Makhleb
Nemelex Xobeh
Qazlal
Ru
Sif Muna
Trog
Uskayaw
Vehumet
Wu Jian
Xom

Shops:
D:6 [


Innate Abilities, Weirdness & Mutations

You have a pair of horns on your head.
You reflexively headbutt those who attack you in melee.


Message History

The dire elephant simulacrum closely misses you.
The dire elephant simulacrum trunk-slaps you!
The dire elephant simulacrum freezes you!
You resist.
* * * LOW HITPOINT WARNING * * *
You see here a +1 buckler of cold resistance.
The dire elephant simulacrum attacks as it pursues you!
The dire elephant simulacrum barely misses you.
You furiously retaliate!
You headbutt the dire elephant simulacrum!
The dire elephant simulacrum trunk-slaps you but does no damage.
The spriggan simulacrum closely misses you.
You furiously retaliate!
You headbutt the spriggan simulacrum!
Your skin crawls.
You feel strong-willed. Trog will no longer gift you weapons.
The dire elephant simulacrum tramples you.
* * * LOW HITPOINT WARNING * * *
You stumble backwards!
You hit the dire elephant simulacrum but do no damage.
You headbutt the dire elephant simulacrum, but do no damage.
The dire elephant simulacrum is moderately damaged.
You are engulfed in freezing vapours.
You resist.
* * * LOW HITPOINT WARNING * * *
You slash the dire elephant simulacrum!
You melt the dire elephant simulacrum!
The dire elephant simulacrum is almost destroyed.
You are engulfed in freezing vapours.
You resist.
The dire elephant simulacrum tramples you!!
* * * LOW HITPOINT WARNING * * *
You stumble backwards!
You completely miss the dire elephant simulacrum.
You punch the dire elephant simulacrum, but do no damage.
The dire elephant simulacrum is almost destroyed.
You are engulfed in freezing vapours.
You resist.
* * * LOW HITPOINT WARNING * * *
The dire elephant simulacrum closely misses you.
You furiously retaliate!
You headbutt the dire elephant simulacrum.
The dire elephant simulacrum trunk-slaps you.
You die...

...$# ##.$$#
#$$$$# #$.$}#
##.Z)#
#####ZZ)#
##.#.##n##
#....○Z##
##..☼°@##
#..○§☼☼.#
####.§○..##
###.###.....#
#...##..#.###
#..#.#.####
#.#.##..## #
## #...#
###.##


You could see a bog body and 2 dire elephant simulacra.

Vanquished Creatures
  3 two-headed ogres
  A boulder beetle (D:11)
  A bog body (IceCv)
  A deep elf pyromancer (D:10)
  3 cyclopes (D:11)
  An elephant (D:8)
  4 centaur zombies (D:11)
  An unseen horror (D:11)
  Maggie (D:7)
  A kobold demonologist (D:10)
  An anaconda simulacrum (IceCv)
  Grinder (D:4)
  A merfolk (D:9)
  Prince Ribbit (D:9)
  3 trolls
  5 shadows
  20 yaks
  A dire elephant simulacrum (IceCv)
  A vampire (D:11)
  2 wyverns (D:8)
  A steam dragon (D:9)
  2 acid dragons
  A harpy simulacrum (IceCv)
  3 water moccasins
  The ghost of stipulation the Grave Robber, an amateur VSNe (D:3)
  3 orc warriors
  2 black bears
  Pargi (D:3)
  A sky beast (D:7)
  2 ogres
  11 centaurs
  4 kobold brigands (D:9)
  3 gnoll sergeants
  4 bullfrogs
  2 cane toad simulacra (IceCv)
  A two-headed ogre simulacrum (IceCv)
  3 scorpions
  10 wights (D:6)
  5 killer bees (D:7)
  3 elephant simulacra
  9 howler monkeys
  2 bombardier beetles
  A jelly (D:7)
  7 orc priests
  A hound (D:5)
  A gnoll bouda (D:7)
  2 sleepcaps
  6 iguanas
  Ijyb (D:2)
  Natasha (D:3)
  13 orc wizards
  A polar bear simulacrum (IceCv)
  A wolf simulacrum (Lair:1)
  4 troll simulacra (IceCv)
  Robin (D:3)
  23 gnolls
  8 adders
  4 naga simulacra (IceCv)
  A shadow imp (D:8)
  3 white imps (IceCv)
  5 ufetubi
  3 ribbon worms
  2 dart slugs
  27 orcs
  9 ball pythons
  5 endoplasms
  A giant cockroach (D:2)
  12 hobgoblins
  13 kobolds
  7 quokkas
  7 bats
  5 frilled lizards (D:1)
  9 goblins
  7 rats
318 creatures vanquished.

Vanquished Creatures (others)
  An arcanist (D:9)
1 creature vanquished.

Grand Total: 319 creatures vanquished

Notes
Turn   | Place    | Note
-------+----------+-------------------------------------------
     0 | D:1      | CougarLife the Minotaur Berserker began the quest for the
                  | Orb.
     0 | D:1      | Reached XP level 1. HP: 19/19 MP: 0/0
    69 | D:1      | Reached skill level 4 in Axes
    75 | D:1      | Reached XP level 2. HP: 23/27 MP: 1/1
   293 | D:1      | Reached ** piety under Trog
   379 | D:1      | Reached XP level 3. HP: 32/33 MP: 2/2
   649 | D:1      | Found a faded altar of an unknown god.
   763 | D:2      | Found an ornate altar of the Wu Jian Council.
  1060 | D:2      | Reached skill level 5 in Axes
  1420 | D:3      | Found a shimmering blue altar of Sif Muna.
  1560 | D:3      | Reached XP level 4. HP: 37/41 MP: 3/3
  1572 | D:2      | Reached skill level 5 in Fighting
  1572 | D:2      | Reached skill level 6 in Axes
  1572 | D:2      | Reached XP level 5. HP: 15/48 MP: 4/4
  2048 | D:3      | Noticed Ijyb
  2049 | D:3      | Noticed Robin
  2071 | D:2      | Killed Ijyb
  2215 | D:3      | Killed Robin
  2376 | D:3      | Noticed Pargi
  2385 | D:3      | Killed Pargi
  2386 | D:3      | Reached skill level 7 in Axes
  2386 | D:3      | Reached XP level 6. HP: 56/56 MP: 5/5
  2456 | D:3      | Found a snail-covered altar of Cheibriados.
  2532 | D:3      | Reached *** piety under Trog
  2548 | D:3      | Noticed Natasha
  2554 | D:3      | Killed Natasha
  2947 | D:3      | Found a large runed translucent door.
  2947 | D:3      | Found a large runed translucent door.
  2951 | D:3      | Noticed stipulation's ghost (amateur VSNe)
  2963 | D:3      | Killed stipulation's ghost
  2964 | D:3      | Reached skill level 8 in Axes
  2964 | D:3      | Reached XP level 7. HP: 64/64 MP: 6/6
  3023 | D:4      | Found a broken altar of Ashenzari.
  3627 | D:4      | Noticed Grinder
  3637 | D:4      | Killed Grinder
  3638 | D:4      | Reached skill level 9 in Axes
  3867 | D:5      | Entered Level 5 of the Dungeon
  4302 | D:5      | Reached XP level 8. HP: 73/73 MP: 7/7
  4394 | D:5      | Reached skill level 5 in Dodging
  4977 | D:6      | Found Ogum's Armour Shop.
  4994 | D:6      | Reached skill level 5 in Armour
  5200 | D:6      | Found a sacrificial altar of Ru.
  5425 | D:6      | Reached XP level 9. HP: 72/79 MP: 8/8
  5803 | D:6      | Reached skill level 10 in Axes
  6164 | D:6      | Bought a +2 pair of boots for 181 gold pieces
  6376 | D:7      | Reached skill level 11 in Axes
  6489 | D:7      | Reached **** piety under Trog
  6582 | D:7      | Noticed Maggie
  6591 | D:7      | Killed Maggie
  6809 | D:7      | Reached skill level 12 in Axes
  6983 | D:7      | Found a staircase to the Ecumenical Temple.
  7244 | D:8      | Reached XP level 10. HP: 85/86 MP: 9/9
  7245 | D:8      | Noticed an elephant
  7269 | D:8      | Killed an elephant
  7365 | D:8      | Found a sparkling altar of Nemelex Xobeh.
  7466 | D:8      | Reached skill level 13 in Axes
  7566 | D:8      | Found a radiant altar of Vehumet.
  7829 | D:8      | Found a hide-covered altar of Uskayaw.
  8024 | D:8      | Found a shimmering altar of Xom.
  8025 | D:8      | Found a stormy altar of Qazlal.
  8025 | D:8      | Found a blossoming altar of Fedhas.
  8207 | D:8      | Found a staircase to the Lair.
  8575 | D:9      | Reached skill level 14 in Axes
  8998 | D:9      | Noticed a two-headed ogre
  9008 | D:9      | Killed a two-headed ogre
  9009 | D:9      | Reached skill level 15 in Axes
  9043 | D:9      | Found a white marble altar of Elyvilon.
  9078 | D:9      | Noticed Prince Ribbit
  9086 | D:9      | Killed Prince Ribbit
  9178 | D:9      | Found a hazy altar of Hepliaklqana.
  9212 | D:9      | Found a staircase to the Orcish Mines.
  9274 | D:9      | Reached XP level 11. HP: 92/92 MP: 10/10
  9387 | D:9      | Reached skill level 16 in Axes
  9669 | D:9      | Found a burning altar of Makhleb.
  9793 | D:9      | Found a bloodstained altar of Trog.
  9794 | D:9      | Noticed a wizard
  9800 | D:9      | Killed a wizard
  9953 | D:10     | Entered Level 10 of the Dungeon
  9998 | D:10     | Reached skill level 1 in Throwing
 10087 | D:10     | Noticed a deep elf pyromancer
 10106 | D:10     | Killed a deep elf pyromancer
 10652 | D:10     | Noticed a two-headed ogre
 10658 | D:10     | Killed a two-headed ogre
 11115 | D:11     | Noticed a two-headed ogre
 11128 | D:11     | Reached skill level 10 in Fighting
 11133 | D:11     | Killed a two-headed ogre
 11280 | D:11     | Noticed a boulder beetle
 11288 | D:11     | Killed a boulder beetle
 11308 | D:11     | Reached skill level 5 in Throwing
 11421 | D:11     | Reached XP level 12. HP: 64/111 MP: 11/11
 11964 | Lair:1   | Entered Level 1 of the Lair of Beasts
 11964 | Lair:1   | Found a frozen archway.
 11981 | IceCv    | Entered an ice cave
 12207 | IceCv    | Reached ***** piety under Trog
 12273 | IceCv    | Reached skill level 10 in Armour
 12299 | IceCv    | HP: 5/113 [dire elephant simulacrum (24)]
 12300 | IceCv    | HP: 1/113 [something (4)]
 12300 | IceCv    | Slain by a dire elephant simulacrum

Illustrated notes

Levels and vault maps discovered:
D:1:      scummos_arrival_simple_fountains, layout_rooms, serial_curves,
          eino_curves_02, eino_curves_01, chequers_ecumenical_altar_grove,
          nrook_campfire, eino_curves_02, minivault_4
D:2:      layout_loops_ring, basic_altar, nicolae_underground_beach
D:3:      layout_loops_ring, slow_altar_1, mainiacjoe_overflow_chevrons,
          ebering_ghost_disaster_area, nicolae_goblin_pals, uniq_natasha,
          uniq_pargi, uniq_ijyb
D:4:      layout_basic, nicolae_ashenzari_skybound, uniq_grinder
D:5:      layout_basic, amethyst_killhole, hangedman_decor_peaks_small,
          hangedman_decor_lopped
D:6:      layout_basic, mainiacjoe_overflow_paths, serial_shops, shop,
          grunt_ministairs_6, grunt_decor_clamped, minmay_strange_pillars
D:7:      layout_basic, minmay_temple_entry_arrows,
          minmay_misc_feat_secret_circle, minmay_gold_behind_fungi, uniq_maggie
D:8:      layout_basic, nicolae_vehumet_radiance,
          eat_drink_and_be_merry_uskayaw,
          chequers_temple_overflow_statue_of_worship,
          nemelex_spade_bored_becter, grunt_lair_entry_orc_guard_hut,
          hangedman_decor_growths, serial_bayou_crossing
D:9:      layout_small_grid, nicolae_hepliaklqana_hazy_memory,
          mainiacjoe_overflow_brackets, trog_wizard, orc_0_dummy,
          roadster_trireme, uniq_prince_ribbit1
D:10:     layout_long_grid, billiards_dpeg
D:11:     layout_loops_cross, serial_undead, serial_undead_d, serial_undead_d,
          serial_undead_f, serial_undead_c
Lair:1:   layout_layer_cave, portal_ice_cave_entry_ice_simulacra,
          serial_bayou_shore_a, uniq_grum
IceCv:    ice_cave_caverns_02

Skill      XL: |  1  2  3  4  5  6  7  8  9 10 11 12 |
---------------+-------------------------------------+-----
Axes           | 4 5 6 7 8 9 12 15 16 | 16.1
Fighting       | 4 5 6 7 11 12 | 12.4
Dodging        | 3 7 |  7.2
Armour         | 5 8 10 | 10.1
Throwing       | 5 6 |  6.0

Action                     |  1- 3 |  4- 6 |  7- 9 | 10-12 || total
---------------------------+-------+-------+-------+-------++-------
  Melee: Hand axe          |    95 |    74 |   132 |       ||   301
         Headbutt          |     8 |    14 |    44 |    87 ||   153
         Punch             |     3 |       |       |     2 ||     5
         Battleaxe         |       |       |   109 |   322 ||   431
         Broad axe         |       |       |       |    48 ||    48
  Throw: Dart              |       |       |       |     9 ||     9
 Invoke: Berserk           |     1 |     2 |     7 |     6 ||    16
         Trog's Hand       |       |       |     2 |     7 ||     9
    Use: Scroll            |       |       |       |     1 ||     1
 Armour: Animal skin       |    40 |    47 |       |       ||    87
         Scale mail        |       |    13 |    43 |       ||    56
         Ice dragon scales |       |       |   147 |   392 ||   539
  Dodge: Dodged            |    66 |    46 |   158 |   267 ||   537
